DBL
CHICAGO CUBS @ MINNESOTA TWINS
04/10/1997
 
TOP OF THE 1ST
Chicago Cubs batting - Pitching for Minnesota Twins : LHP Darren Oliver
Pitching: LHP Darren Oliver
Batting: RHB Derek Bell 0-0: Ball
1-0: Called Strike
1-1: Foul Ball, location: 2F
1-2: Ball
2-2: SINGLE (Groundball, 56S, EV 67.5 MPH) (infield hit)
Batting: RHB Chris Hoiles 0-0: Called Strike
0-1: Foul Ball, location: 2F
0-2: Hit by Pitch
Derek Bell to second
Batting: RHB Eric Karros 0-0: Ball
1-0: Ball
2-0: Foul Ball, location: 2F
2-1: Ball
3-1: Foul Ball, location: 2F
3-2: Base on Balls
Derek Bell to third
Chris Hoiles to second
Batting: RHB Jeff Cirillo 0-0: Fly out, F9 (Flyball, 9LS, EV 86.9 MPH)
Batting: LHB Trot Nixon 0-0: Called Strike
0-1: SINGLE (Groundball, 34, EV 76.9 MPH) (infield hit)
Derek Bell scores
Chris Hoiles to third
Eric Karros to second
Batting: RHB Vinny Castilla 0-0: Called Strike
0-1: Swinging Strike
0-2: Strikes out swinging
Batting: RHB Craig Shipley 0-0: Ball
1-0: Fly out, F6 (Popup, 6MD, EV 45.6 MPH)
Top of the 1st over - 1 run, 2 hits, 0 errors, 3 left on base; Chicago 1 - Minnesota 0
BOTTOM OF THE 1ST
Minnesota Twins batting - Pitching for Chicago Cubs : RHP Scott Chiamparino
Pitching: RHP Scott Chiamparino
Batting: LHB Darin Erstad 0-0: SINGLE (Groundball, 56D, EV 100.6 MPH)
Batting: LHB Kal Daniels 0-0: Ball
1-0: Fielders Choice at 2nd, 2-4 (Groundball, 15S, EV 73.1 MPH)
Batting: RHB Frank Thomas 0-0: Ball
1-0: Foul Ball, location: 2F
1-1: Fly out, F8 (Flyball, 8LD, EV 102.5 MPH)
Batting: LHB Larry Walker 0-0: Called Strike
0-1: Fly out, F8 (Line Drive, 8RD, EV 90.6 MPH)
Bottom of the 1st over - 0 runs, 1 hit, 0 errors, 1 left on base; Chicago 1 - Minnesota 0
TOP OF THE 2ND
Chicago Cubs batting - Pitching for Minnesota Twins : LHP Darren Oliver
Batting: LHB Kent Hrbek 0-0: Foul Ball, location: 2F
0-1: Ball
1-1: Called Strike
1-2: SINGLE (Line Drive, 7S, EV 102.5 MPH)
Batting: RHB Bob Brower 0-0: Foul Ball, location: 2F
0-1: Ball
1-1: Ball
2-1: Foul Ball, location: 2F
2-2: 2-RUN HOME RUN (Flyball, 7D, EV 106.9 MPH), Distance : 367 ft
Batting: RHB Derek Bell 0-0: Ball
1-0: Reached on error, E6 (Flyball, 6MD, EV 83.1 MPH)
Batting: RHB Chris Hoiles 0-0: Ball
1-0: Ball
2-0: Ball
3-0: Base on Balls
Derek Bell to second
Batting: RHB Eric Karros 0-0: Ball
Wild Pitch!
Derek Bell to third
Chris Hoiles to second
1-0: Foul Ball, location: 2F
1-1: Foul Ball, location: 2F
1-2: Fly out, F9 (Flyball, 9LMF, EV 79.4 MPH)
Runner from 3rd tags up, SCORES, no throw by RF
Batting: RHB Jeff Cirillo 0-0: Ball
1-0: Fly out, F6 (Popup, 6, EV 61.3 MPH)
Batting: LHB Trot Nixon 0-0: Swinging Strike
0-1: Foul Ball, location: 2F
0-2: Foul Ball, location: 2F
0-2: Ball
1-2: Strikes out swinging
Top of the 2nd over - 3 runs, 2 hits, 1 error, 1 left on base; Chicago 4 - Minnesota 0
BOTTOM OF THE 2ND
Minnesota Twins batting - Pitching for Chicago Cubs : RHP Scott Chiamparino
Batting: RHB Koji Akiyama 0-0: Ball
1-0: Called Strike
1-1: Ball
2-1: Fly out, F8 (Flyball, 8RD, EV 95.0 MPH)
Batting: SHB Brent Gates 0-0: Ball
1-0: Foul Ball, location: 2F
1-1: DOUBLE (Line Drive, 7LM, EV 95.0 MPH)
Batting: RHB Mark Grudzielanek 0-0: Ball
1-0: Called Strike
1-1: Swinging Strike
1-2: Ball
2-2: SINGLE (Line Drive, 3D, EV 102.5 MPH)
Brent Gates to third
Runner from 3rd tries for Home, SAFE, no throw by RF
Batting: RHB Eddie Perez 0-0: Ball
1-0: Called Strike
1-1: Ball
2-1: Grounds into double play, 6-4-3 (Groundball, 6, EV 103.1 MPH)
Bottom of the 2nd over - 1 run, 2 hits, 0 errors, 0 left on base; Chicago 4 - Minnesota 1
TOP OF THE 3RD
Chicago Cubs batting - Pitching for Minnesota Twins : LHP Darren Oliver
Batting: RHB Vinny Castilla 0-0: Fly out, F9 (Flyball, 89M, EV 95.6 MPH)
Batting: RHB Craig Shipley 0-0: Called Strike
0-1: Foul Ball, location: 2F
0-2: Strikes out swinging
Batting: LHB Kent Hrbek 0-0: Ball
1-0: Foul Ball, location: 2F
1-1: Ball
2-1: Ball
3-1: Base on Balls
Batting: RHB Bob Brower 0-0: Ball
1-0: Ball
2-0: Ball
3-0: Base on Balls
Kent Hrbek to second
Batting: RHB Derek Bell 0-0: Called Strike
0-1: Ball
1-1: Foul Ball, location: 2F
1-2: Foul Ball, location: 2F
1-2: Fly out, F8 (Line Drive, 8LD, EV 95.0 MPH)
Top of the 3rd over - 0 runs, 0 hits, 0 errors, 2 left on base; Chicago 4 - Minnesota 1
BOTTOM OF THE 3RD
Minnesota Twins batting - Pitching for Chicago Cubs : RHP Scott Chiamparino
Batting: RHB Rey Ordonez 0-0: Ball
1-0: Ball
2-0: DOUBLE (Line Drive, 89M, EV 107.5 MPH)
Batting: LHB Darin Erstad 0-0: Fly out, F9 (Line Drive, 9, EV 98.1 MPH)
Batting: LHB Kal Daniels 0-0: Swinging Strike
0-1: Ball
1-1: Fly out, F9 (Flyball, 89M, EV 91.9 MPH)
Batting: RHB Frank Thomas 0-0: Foul Ball, location: 2F
0-1: Swinging Strike
0-2: Ball
1-2: Ball
2-2: Ball
3-2: Strikes out swinging
Bottom of the 3rd over - 0 runs, 1 hit, 0 errors, 1 left on base; Chicago 4 - Minnesota 1
TOP OF THE 4TH
Chicago Cubs batting - Pitching for Minnesota Twins : LHP Darren Oliver
Batting: RHB Chris Hoiles 0-0: Ball
1-0: Fly out, F8 (Flyball, 8RXD, EV 95.6 MPH)
Batting: RHB Eric Karros 0-0: Swinging Strike
0-1: Swinging Strike
0-2: Ball
1-2: Ball
2-2: Ball
3-2: Strikes out swinging
Batting: RHB Jeff Cirillo 0-0: Called Strike
0-1: Swinging Strike
0-2: Ground out 5-3 (Groundball, 56, EV 80.0 MPH)
Top of the 4th over - 0 runs, 0 hits, 0 errors, 0 left on base; Chicago 4 - Minnesota 1
BOTTOM OF THE 4TH
Minnesota Twins batting - Pitching for Chicago Cubs : RHP Scott Chiamparino
Batting: LHB Larry Walker 0-0: Ball
1-0: Called Strike
1-1: Ground out 4-3 (Groundball, 4S, EV 87.5 MPH)
Batting: RHB Koji Akiyama 0-0: Ball
1-0: Ball
2-0: Foul Ball, location: 2F
2-1: Ground out 4-3 (Groundball, 4, EV 85.6 MPH)
Batting: SHB Brent Gates 0-0: Called Strike
0-1: Ball
1-1: Ball
2-1: SINGLE (Groundball, 34D, EV 111.3 MPH)
Batting: RHB Mark Grudzielanek 0-0: Ball
1-0: Ball
2-0: Called Strike
2-1: Fly out, F8 (Line Drive, 8LD, EV 86.3 MPH)
Bottom of the 4th over - 0 runs, 1 hit, 0 errors, 1 left on base; Chicago 4 - Minnesota 1
TOP OF THE 5TH
Chicago Cubs batting - Pitching for Minnesota Twins : LHP Darren Oliver
Batting: LHB Trot Nixon 0-0: Called Strike
0-1: Ball
1-1: Ball
2-1: Foul Ball, location: 2F
2-2: Foul Ball, location: 2F
2-2: Ball
3-2: Ground out 4-3 (Groundball, 4D, EV 100.0 MPH)
Batting: RHB Vinny Castilla 0-0: Ball
1-0: Ball
2-0: Ground out 6-3 (Groundball, 6, EV 88.1 MPH)
Batting: RHB Craig Shipley 0-0: Ball
1-0: Fly out, F8 (Flyball, 78S, EV 87.5 MPH)
Top of the 5th over - 0 runs, 0 hits, 0 errors, 0 left on base; Chicago 4 - Minnesota 1
BOTTOM OF THE 5TH
Minnesota Twins batting - Pitching for Chicago Cubs : RHP Scott Chiamparino
Batting: RHB Eddie Perez 0-0: Ground out 5-3 (Groundball, 5L, EV 89.4 MPH)
Batting: RHB Rey Ordonez 0-0: Called Strike
0-1: Foul Ball, location: 2F
0-2: Foul Ball, location: 2F
0-2: Ball
1-2: Foul Ball, location: 2F
1-2: SINGLE (Groundball, 6, EV 109.4 MPH) (infield hit)
Batting: LHB Darin Erstad 0-0: Foul Ball, location: 2F
0-1: Ball
1-1: Called Strike
1-2: Ball
2-2: Ball
3-2: Foul Ball, location: 2F
3-2: SINGLE (Line Drive, 78M, EV 98.1 MPH)
Rey Ordonez to second
Batting: LHB Kal Daniels 0-0: Foul Ball, location: 2F
0-1: Foul Ball, location: 2F
0-2: Foul Ball, location: 2F
0-2: Foul Ball, location: 2F
0-2: Fly out, F8 (Flyball, 8RXD, EV 84.4 MPH)
Runner from 2nd tags up, SAFE at 3rd, no throw by CF
Batting: RHB Frank Thomas 0-0: Ball
Darin Erstad is caught stealing 2nd base 2-4
Bottom of the 5th over - 0 runs, 2 hits, 0 errors, 1 left on base; Chicago 4 - Minnesota 1
TOP OF THE 6TH
Chicago Cubs batting - Pitching for Minnesota Twins : LHP Darren Oliver
Pitching: RHP Trevor Hoffman
Batting: LHB Kent Hrbek 0-0: Ball
1-0: Foul Ball, location: 2F
1-1: Called Strike
1-2: Ball
2-2: Strikes out swinging
Batting: RHB Bob Brower 0-0: Foul Ball, location: 2F
0-1: Foul Ball, location: 2F
0-2: Ball
1-2: Strikes out looking
Batting: RHB Derek Bell 0-0: Ball
1-0: Ball
2-0: Fly out, F6 (Popup, 6MD, EV 60.0 MPH)
Top of the 6th over - 0 runs, 0 hits, 0 errors, 0 left on base; Chicago 4 - Minnesota 1
BOTTOM OF THE 6TH
Minnesota Twins batting - Pitching for Chicago Cubs : RHP Scott Chiamparino
Batting: RHB Frank Thomas 0-0: Swinging Strike
0-1: Ball
1-1: Called Strike
1-2: Strikes out swinging
Batting: LHB Larry Walker 0-0: Ball
1-0: Called Strike
1-1: Ball
2-1: SINGLE (Groundball, 34D, EV 98.1 MPH)
Batting: RHB Koji Akiyama 0-0: Ball
Larry Walker is caught stealing 2nd base 2-4
1-0: Ball
2-0: Ball
3-0: Base on Balls
Batting: SHB Brent Gates 0-0: Ball
1-0: Ball
Koji Akiyama steals 2nd base
2-0: Called Strike
2-1: Ball
3-1: Base on Balls
Batting: RHB Mark Grudzielanek 0-0: Fly out, F7 (Flyball, 78D, EV 90.6 MPH)
Bottom of the 6th over - 0 runs, 1 hit, 0 errors, 2 left on base; Chicago 4 - Minnesota 1
TOP OF THE 7TH
Chicago Cubs batting - Pitching for Minnesota Twins : RHP Trevor Hoffman
Batting: RHB Chris Hoiles 0-0: Ball
1-0: Fly out, F6 (Popup, 15, EV 86.9 MPH)
Batting: RHB Eric Karros 0-0: Ball
1-0: Foul Ball, location: 2F
1-1: Fly out, F4 (Line Drive, 4, EV 65.6 MPH)
Batting: RHB Jeff Cirillo 0-0: Called Strike
0-1: Called Strike
0-2: Ground out 5-3 (Groundball, 56, EV 98.1 MPH)
Top of the 7th over - 0 runs, 0 hits, 0 errors, 0 left on base; Chicago 4 - Minnesota 1
BOTTOM OF THE 7TH
Minnesota Twins batting - Pitching for Chicago Cubs : RHP Scott Chiamparino
Pitching: RHP Alberto Reyes
Batting: RHB Eddie Perez 0-0: Called Strike
0-1: Called Strike
0-2: Ball
1-2: Foul Ball, location: 2F
1-2: Strikes out swinging
Batting: RHB Rey Ordonez 0-0: Fly out, F3 (Popup, 34, EV 71.9 MPH)
Batting: LHB Darin Erstad 0-0: Foul Ball, location: 2F
0-1: Ball
1-1: DOUBLE (Groundball, 3L, EV 101.9 MPH)
Batting: LHB Kal Daniels 0-0: Called Strike
0-1: Called Strike
0-2: Ball
1-2: Foul Ball, location: 2F
1-2: Foul Ball, location: 2F
1-2: Ball
2-2: Foul Ball, location: 2F
2-2: Foul Ball, location: 2F
2-2: Ball
3-2: Fly out, F9 (Flyball, 89M, EV 82.5 MPH)
Bottom of the 7th over - 0 runs, 1 hit, 0 errors, 1 left on base; Chicago 4 - Minnesota 1
TOP OF THE 8TH
Chicago Cubs batting - Pitching for Minnesota Twins : RHP Trevor Hoffman
Batting: LHB Trot Nixon 0-0: Ball
1-0: Swinging Strike
1-1: Swinging Strike
1-2: SINGLE (Groundball, 34S, EV 93.8 MPH) (infield hit)
Pitching: RHP Doug Piatt
Batting: RHB Vinny Castilla 0-0: Ball
1-0: Called Strike
1-1: Called Strike
1-2: SINGLE (Flyball, 9S, EV 86.9 MPH)
Trot Nixon to second
Runner from 2nd tries for 3rd, SAFE, throw by RF made to third
Batting: RHB Craig Shipley 0-0: SINGLE (Line Drive, 78S, EV 96.9 MPH)
Trot Nixon scores
Vinny Castilla to second
Batting: LHB Kent Hrbek 0-0: Grounds into double play, 4-6-3 (Groundball, 4, EV 107.5 MPH)
Vinny Castilla to third
Batting: RHB Bob Brower 0-0: Foul Ball, location: 2F
0-1: Foul Ball, location: 2F
0-2: 2-RUN HOME RUN (Flyball, 7D, EV 102.5 MPH), Distance : 359 ft
Batting: RHB Derek Bell 0-0: Ball
1-0: Swinging Strike
1-1: Ground out 4-3 (Groundball, 4, EV 81.3 MPH)
Top of the 8th over - 3 runs, 4 hits, 0 errors, 0 left on base; Chicago 7 - Minnesota 1
BOTTOM OF THE 8TH
Minnesota Twins batting - Pitching for Chicago Cubs : RHP Alberto Reyes
Batting: RHB Frank Thomas 0-0: Called Strike
0-1: DOUBLE (Flyball, 8RXD, EV 90.6 MPH)
Batting: LHB Larry Walker 0-0: Ball
1-0: Called Strike
1-1: Foul Ball, location: 2F
1-2: Ball
2-2: Ball
3-2: Strikes out swinging
Batting: RHB Koji Akiyama 0-0: Hit by Pitch
Batting: SHB Brent Gates 0-0: Called Strike
0-1: Ball
1-1: Ball
2-1: Foul Ball, location: 2F
2-2: Fielders Choice at 2nd, 3-6 (Groundball, 34, EV 108.8 MPH)
Frank Thomas to third
Batting: RHB Mark Grudzielanek 0-0: Foul Ball, location: 2F
0-1: Foul Ball, location: 2F
0-2: SINGLE (Groundball, 34D, EV 97.5 MPH)
Frank Thomas scores
Brent Gates to second
Runner from 2nd tries for 3rd, OUT! 9-5
Bottom of the 8th over - 1 run, 2 hits, 0 errors, 1 left on base; Chicago 7 - Minnesota 2
TOP OF THE 9TH
Chicago Cubs batting - Pitching for Minnesota Twins : RHP Doug Piatt
Batting: RHB Chris Hoiles 0-0: Called Strike
0-1: Ball
1-1: Foul Ball, location: 2F
1-2: Foul Ball, location: 2F
1-2: Ball
2-2: Ball
3-2: Fly out, F7 (Flyball, 7S, EV 86.9 MPH)
Batting: RHB Eric Karros 0-0: Swinging Strike
0-1: Ball
1-1: Ball
2-1: Foul Ball, location: 2F
2-2: Fly out, F8 (Flyball, 78D, EV 91.9 MPH)
Batting: RHB Jeff Cirillo 0-0: Ball
1-0: Swinging Strike
1-1: Ball
2-1: Ground out 5-3 (Groundball, 5, EV 108.1 MPH)
Top of the 9th over - 0 runs, 0 hits, 0 errors, 0 left on base; Chicago 7 - Minnesota 2
BOTTOM OF THE 9TH
Minnesota Twins batting - Pitching for Chicago Cubs : RHP Alberto Reyes
Batting: RHB Eddie Perez 0-0: Called Strike
0-1: Swinging Strike
0-2: Foul Ball, location: 2F
0-2: Ball
1-2: Ground out 6-3 (Groundball, 6, EV 81.9 MPH)
Batting: RHB Rey Ordonez 0-0: Ball
1-0: SINGLE (Groundball, 4MD, EV 102.5 MPH)
Pitching: RHP Dana Kiecker
Batting: LHB Darin Erstad 0-0: Called Strike
0-1: 2-RUN HOME RUN (Flyball, 89XD, EV 103.8 MPH), Distance : 369 ft
Batting: LHB Kal Daniels 0-0: Foul Ball, location: 2F
0-1: Ball
1-1: Called Strike
1-2: Ball
2-2: Foul Ball, location: 2F
2-2: Foul Ball, location: 2F
2-2: Foul Ball, location: 2F
2-2: Ground out 4-3 (Groundball, 4, EV 89.4 MPH)
Batting: RHB Frank Thomas 0-0: Ball
1-0: Called Strike
1-1: SINGLE (Groundball, 34D, EV 96.3 MPH)
Batting: LHB Larry Walker 0-0: SINGLE (Line Drive, 6D, EV 95.6 MPH)
Frank Thomas to second
Pitching: LHP Frank DiPino
Batting: RHB Koji Akiyama 0-0: Fly out, F5 (Popup, 5, EV 61.3 MPH)
Bottom of the 9th over - 2 runs, 4 hits, 0 errors, 2 left on base; Chicago 7 - Minnesota 4
Friday, January 23rd, 2026 - OOTP Baseball 20.8 Build 74